 Dungeon Crawl Stone Soup version 0.21-a0-110-g8e1637b (webtiles) character file.

6972 Swallow the Cleaver (level 10, -1/77 HPs)
             Began as a Demonspawn Fighter on July 9, 2017.
             Was a Priest of Wu Jian.
             Killed from afar by an electric eel (3 damage)
             ... with a bolt of electricity
             ... on level 1 of the Lair of Beasts.
             The game lasted 00:16:39 (7425 turns).

Swallow the Cleaver (Demonspawn Fighter)            Turns: 7425, Time: 00:16:40

Health: -1/77      AC: 20    Str: 23    XL:     10   Next: 81%
Magic:  10/10      EV:  7    Int: 10    God:    Wu Jian [***...]
Gold:   259        SH: 13    Dex: 13    Spells: 9/9 levels left

rFire    + . .     SeeInvis .   M - +0 war axe (vamp)
rCold    . . .     Gourm    .   c - +0 shield
rNeg     + . .     Faith    .   N - +2 chain mail of Sunlight {+Blink Slay+2}
rPois    +         Spirit   .   (helmet restricted)
rElec    .         Reflect  .   Q - +1 cloak {rPois}
rCorr    .         Harm     .   (no gloves)
MR       +....                  j - +1 pair of boots
Stlth    ..........             s - amulet of magic regeneration
HPRegen  0.22/turn              F - ring of the Hidden Dreams {rN+ MR+ AC+3 Str+4}
MPRegen  0.37/turn              x - ring of protection from fire

@: no status effects
A: horns 2, large bone plates 1, spiny 3, rot immunity
a: Renounce Religion, Evoke Blink


You were on level 1 of the Lair of Beasts.
You worshipped Wu Jian.
Wu Jian was most pleased with you.
You were hungry.

You visited 3 branches of the dungeon, and saw 10 of its levels.
You also visited: Sewer and Ossuary.

You collected 439 gold pieces.
You spent 180 gold pieces at shops.

Inventory:

Hand Weapons
 a - a +0 war axe
 v - a +0 hand axe
 M - a +0 vampiric war axe (weapon)
Missiles
 u - 5 throwing nets (quivered)
Armour
 c - a +0 shield (worn)
 j - a +1 pair of boots (worn)
 N - the +2 chain mail of Sunlight (worn) {+Blink Slay+2}
   (You found it on level 7 of the Dungeon)

   It affects your accuracy and damage with ranged weapons and melee attacks
   (+2).
   It lets you blink.
 Q - a +1 cloak of poison resistance (worn)
Jewellery
 k - an uncursed ring of positive energy
 o - an uncursed ring of stealth
 s - an amulet of magic regeneration (around neck)
 x - a ring of protection from fire (right hand)
 y - an uncursed ring of ice
 A - an uncursed ring of fire
 F - the ring of the Hidden Dreams (left hand) {rN+ MR+ AC+3 Str+4}
   (You found it on level 7 of the Dungeon)

   [ring of protection]

   It affects your AC (+3).
   It affects your strength (+4).
   It protects you from negative energy.
   It affects your resistance to hostile enchantments.
 H - a +2 ring of intelligence
Wands
 q - a wand of lightning (5/15)
 B - a wand of enslavement (11/24)
 I - a wand of iceblast (6/15)
Scrolls
 b - 3 scrolls of holy word {unknown}
 e - a scroll of fear
 g - 3 scrolls of teleportation
 n - 4 scrolls of random uselessness {unknown}
 w - 4 scrolls of enchant armour
 E - a scroll of magic mapping
 G - a scroll of fog
 J - 2 scrolls of amnesia
 K - 2 scrolls of remove curse
 O - 2 scrolls of enchant weapon
 P - 2 scrolls of blinking
Potions
 d - 4 potions of might
 h - 3 potions of flight
 i - 5 potions of curing
 m - a potion of ambrosia {unknown}
 p - 5 potions of haste {unknown}
 z - a potion of magic {unknown}
 D - a potion of agility {unknown}
Books
 L - the Collected Works on the Cankerous Traveller
   (You found it on level 7 of the Dungeon)

   Spells                             Type                      Level
   a - Apportation                    Translocation                1
   b - Poisonous Vapours              Poison/Air                   2
   c - Mephitic Cloud                 Conjuration/Poison/Air       3
   d - Dispersal                      Translocation                6
   e - Disjunction                    Translocation                8
Comestibles
 f - 5 bread rations
 r - 6 royal jellies
 t - a meat ration


   Skills:
 + Level 6.6 Fighting
 + Level 12.2 Axes
 + Level 6.9 Armour
 + Level 3.3 Dodging
 - Level 2.6 Shields


You had 9 spell levels left.
You didn't know any spells.

Dungeon Overview and Level Annotations

Branches:
Dungeon (8/15)             Temple (1/1) D:6            Lair (1/6) D:8

Altars:
Ashenzari
Cheibriados
Dithmenos
Elyvilon
Fedhas
Gozag
Hepliaklqana
Kikubaaqudgha
Makhleb
Nemelex Xobeh
Okawaru
Qazlal
Ru
Sif Muna
Trog
Uskayaw
Vehumet
Wu Jian
Xom
Yredelemnul
Zin
The Shining One

Shops:
D:8 =?[


Innate Abilities, Weirdness & Mutations

You have a pair of horns on your head.
You are partially covered in large bone plates. (SH +4)
You are completely covered in sharp spines.
You are immune to rotting.


Message History

You slash the electric eel!
You feel better.
You headbutt the electric eel.
The electric eel is almost dead.
The electric eel shoots out a bolt of lightning at you!
The bolt of electricity hits you!
* * * LOW HITPOINT WARNING * * *
The bolt of electricity hits the plant.
The plant is destroyed!
The bolt of electricity hits you!
* * * LOW HITPOINT WARNING * * *
You miss the electric eel.
The electric eel is almost dead.
You miss the electric eel.
The electric eel is almost dead.
You miss the electric eel. Your headbutt misses the electric eel.
The electric eel is almost dead.
The electric eel shoots out a bolt of lightning at you!
The bolt of electricity hits you!
* * * LOW HITPOINT WARNING * * *
The bolt of electricity hits you!
You die...

##P##.....##
..........#
.........##
.........#
......?..#
..#.P...###
......(...#
.#.#####.##
.#≈≈≈≈≈@.#
.≈≈≈≈≈;#.#
.#≈≈≈≈≈#.#
.#≈≈≈≈≈#.P
.#≈≈≈≈≈#...
..#≈≈≈##.##.
.........#
..
...P.##...
.. .... ##..
..


You could see an electric eel.

Vanquished Creatures
  A two-headed ogre (D:7)
  A skeletal warrior (D:7)
  A deep elf mage (D:7)
  Maurice (D:8)
  A hippogriff (D:8)
  Eustachio (D:6)
  An acid dragon (D:7)
  3 water moccasins (D:7)
  3 porcupines (D:8)
  2 orc warriors
  A sky beast (D:7)
  10 ogres
  An ice beast (D:6)
  A phantom (D:5)
  A centaur (D:6)
  A crocodile (Lair:1)
  6 big kobolds
  3 bullfrogs
  A gnoll sergeant (D:6)
  A wyvern zombie (D:8)
  2 scorpions
  A killer bee (D:7)
  A water moccasin skeleton (D:7)
  An electric eel (Lair:1)
  A howler monkey (D:7)
  A lava snake (Lair:1)
  A crimson imp (D:7)
  4 centaur zombies
  2 bullfrog zombies
  3 hounds
  An orc priest (D:3)
  2 bullfrog skeletons
  A centaur skeleton (D:7)
  2 gnoll shamans
  A jelly (D:8)
  3 orc wizards
  Jessica (D:3)
  3 iguanas
  7 worker ants
  8 big kobold zombies (Ossuary)
  2 hound zombies
  6 mummies (Ossuary)
  2 worker ant zombies
  12 gnolls
  13 adders
  6 oozes
  An adder zombie (D:6)
  An adder skeleton (D:4)
  2 worms
  4 dart slugs
  2 leopard geckos
  17 orcs
  A ball python (D:3)
  6 giant cockroaches
  5 goblins
  7 hobgoblins
  5 jackals
  13 kobolds
  5 quokkas
  7 bats
  5 frilled lizards
  2 hobgoblin zombies (Ossuary)
  A jackal zombie (D:7)
  A leopard gecko skeleton (D:8)
  A quokka skeleton (D:4)
  A quokka zombie (D:5)
  17 rats
232 creatures vanquished.

Vanquished Creatures (others)
  3 fungi (D:8)
  3 plants
6 creatures vanquished.

Grand Total: 238 creatures vanquished

Notes
Turn   | Place    | Note
-------+----------+-------------------------------------------
     0 | D:1      | Swallow the Demonspawn Fighter began the quest for the Orb.
     0 | D:1      | Reached XP level 1. HP: 18/18 MP: 1/1
   119 | D:1      | Reached skill level 2 in Axes
   276 | D:1      | Gained mutation: You are partially covered in sharp spines. [demonic ancestry]
   276 | D:1      | Reached XP level 2. HP: 21/24 MP: 2/2
   845 | D:2      | Reached skill level 3 in Axes
   940 | D:2      | Found a faded altar of an unknown god.
   959 | D:2      | Gained mutation: You have a pair of small horns on your head. [demonic ancestry]
   959 | D:2      | Reached XP level 3. HP: 23/29 MP: 3/3
  1339 | D:3      | Reached skill level 4 in Axes
  1339 | D:3      | Reached XP level 4. HP: 31/35 MP: 4/4
  1394 | D:3      | Noticed Jessica
  1432 | D:3      | Killed Jessica
  1432 | D:3      | Gained mutation: You are mostly covered in sharp spines. [demonic ancestry]
  1432 | D:3      | Reached XP level 5. HP: 41/41 MP: 5/5
  1676 | D:3      | Reached skill level 5 in Axes
  2016 | D:4      | Noticed an ogre
  2022 | D:4      | Killed an ogre
  2058 | D:4      | Gained mutation: You have a pair of horns on your head. [demonic ancestry]
  2058 | D:4      | Reached XP level 6. HP: 36/47 MP: 6/6
  2072 | D:4      | Reached skill level 6 in Axes
  2212 | D:4      | Found a glowing drain.
  2221 | Sewer    | Entered a sewer
  2327 | Sewer    | Reached skill level 7 in Axes
  2327 | Sewer    | Gained mutation: You are completely covered in sharp spines. [demonic ancestry]
  2327 | Sewer    | Reached XP level 7. HP: 51/52 MP: 7/7
  2493 | Sewer    | Reached skill level 8 in Axes
  2994 | D:5      | Entered Level 5 of the Dungeon
  3006 | D:5      | Reached skill level 1 in Dodging
  3059 | D:5      | Gained mutation: You are partially covered in large bone plates. (SH +4) [demonic ancestry]
  3059 | D:5      | Reached XP level 8. HP: 55/58 MP: 8/8
  3638 | D:6      | HP: 1/58 [orc warrior/scimitar (16)]
  3642 | D:6      | Reached skill level 9 in Axes
  3912 | D:6      | Found a staircase to the Ecumenical Temple.
  3939 | Temple   | Entered the Ecumenical Temple
  4184 | Temple   | Became a worshipper of the Wu Jian Council
  4782 | D:6      | Noticed Eustachio
  4819 | D:6      | Killed Eustachio
  5079 | D:7      | Reached XP level 9. HP: 63/65 MP: 9/9
  5125 | D:7      | Reached skill level 10 in Axes
  5224 | D:7      | Reached skill level 5 in Armour
  5264 | D:7      | Reached * piety under Wu Jian
  5826 | D:7      | Noticed a deep elf mage
  5826 | D:7      | Noticed a skeletal warrior
  5833 | D:7      | Noticed a two-headed ogre
  5853 | D:7      | Killed a skeletal warrior
  5859 | D:7      | Reached skill level 5 in Fighting
  6129 | D:7      | Killed a deep elf mage
  6129 | D:7      | Reached skill level 11 in Axes
  6129 | D:7      | Gained mutation: You are immune to rotting. [demonic ancestry]
  6129 | D:7      | Reached XP level 10. HP: 72/74 MP: 10/10
  6141 | D:7      | Got an ancient ivory ring
  6144 | D:7      | Identified the Collected Works on the Cankerous Traveller
  6147 | D:7      | Got a translucent chain mail
  6158 | D:7      | Identified the +2 chain mail of Sunlight {+Blink Slay+2} (You found it on level 7 of the Dungeon)
  6159 | D:7      | Identified the ring of the Hidden Dreams {rN+ MR+ AC+3 Str+4} (You found it on level 7 of the Dungeon)
  6190 | D:7      | Killed a two-headed ogre
  6348 | D:8      | Reached ** piety under Wu Jian
  6356 | D:8      | Found Edissomo's Magic Scroll Shoppe.
  6367 | D:8      | Bought a scroll of enchant weapon for 90 gold pieces
  6367 | D:8      | Bought a scroll of enchant armour for 90 gold pieces
  6418 | D:8      | Found Fets's Jewellery Shop.
  6503 | D:8      | Found an ancient bone altar of Kikubaaqudgha.
  6531 | D:8      | Noticed Maurice
  6550 | D:8      | Killed Maurice
  6592 | D:8      | Found a sand-covered staircase.
  6599 | Ossuary  | Entered an ossuary
  7104 | D:8      | Reached skill level 12 in Axes
  7134 | D:8      | Found a staircase to the Lair.
  7142 | D:8      | Found Gaczux's Armour Emporium.
  7315 | Lair:1   | Entered Level 1 of the Lair of Beasts
  7349 | Lair:1   | Reached *** piety under Wu Jian
  7425 | Lair:1   | HP: 2/77 [electric eel/bolt of electricity (11)]
  7425 | Lair:1   | Killed from afar by an electric eel

Vault maps used:
D:1:      lightli_arrival_lavapool
D:2:      chequers_ecumenical_altar_island
D:3:      first_bread, uniq_jessica
D:4:      gup_sewer_entry_bubbles
D:5:      minmay_crystal_water
D:6:      minmay_temple_entry_large_hall, uniq_eustachio
D:7:      minmay_the_grid_triangle_9x9_rhombus_thin
D:8:      lemuel_upstairs_altar, kiku_gazebo_pond_becter,
          grunt_lair_entry_orc_guard_hut, serial_shops, kennysheep_little_box,
          shop_scrolls, nicolae_shop_behind_doors, nicolae_ossuary_entry_plus,
          uniq_maurice
Temple:   nicolae_temple_the_god_donut
Lair:1:   lemuel_old_faithful
Sewer:    sewer_co_15_rooms
Ossuary:  ossuary_the_hunt_dpeg

Skill      XL: |  1  2  3  4  5  6  7  8  9 10 |
---------------+-------------------------------+-----
Axes           | 2 3 4 5 7 8 9 11 12 | 12.2
Dodging        | 1 3 |  3.3
Armour         | 4 6 |  6.9
Fighting       | 5 6 |  6.6
Shields        | |  2.6

Action                   |  1- 3 |  4- 6 |  7- 9 | 10-12 || total
-------------------------+-------+-------+-------+-------++-------
Melee: War axe           |    86 |   102 |   116 |   157 ||   461
       Headbutt          |     6 |    17 |    71 |    39 ||   133
       Hand axe          |       |       |   232 |       ||   232
Evoke: Wand              |       |     3 |       |       ||     3
  Use: Scroll            |       |       |    16 |     2 ||    18
       Potion            |       |       |     4 |       ||     4
 Stab: Distracted        |       |       |     1 |       ||     1
  Eat: Chunk             |     1 |     4 |    11 |     1 ||    17
       Fruit             |       |       |     4 |       ||     4
       Meat ration       |       |       |     1 |       ||     1
Armor: Scale mail        |    22 |       |       |       ||    22
       Chain mail        |    20 |    45 |   109 |    40 ||   214
Dodge: Dodged            |    15 |    20 |    47 |    21 ||   103
Block: Shield            |    44 |    49 |   225 |    71 ||   389
